 Dungeon Crawl Stone Soup version 0.26-a0-690-gcb57259078 (webtiles) character file.

Game seed: 10522312577596811396

345 dickylongcocking the Reanimator (level 6, -7/49 HPs)
             Began as a Deep Dwarf Necromancer on Oct 25, 2020.
             Killed by divine providence
             ... invoked by an orc priest
              (9 damage)
             ... on level 5 of the Dungeon.
             The game lasted 00:05:16 (3989 turns).

dickylongcocking the Reanimator (DDNe)              Turns: 3989, Time: 00:05:17

Health: -7/49      AC:  3    Str: 10 (12) XL:     6   Next: 32%
Magic:  8/8        EV: 12    Int: 15 (17) God:
Gold:   188        SH:  0    Dex: 13      Spells: 4/8 levels left

rFire    . . .     SeeInvis .   l - +3 dagger (protect)
rCold    . . .     Faith    .   (no shield)
rNeg     . . .     Spirit   .   a - +0 robe
rPois    .         Reflect  .   (no helmet)
rElec    .         Harm     .   (no cloak)
rCorr    .         Rampage  .   (no gloves)
MR       .....                  e - +0 pair of boots
Stlth    ++........             (no amulet)
HPRegen  0.00/turn              n - ring of wizardry
MPRegen  0.11/turn              (no ring)

@: non-regenerating
A: damage resistance, heal wounds, sense surroundings 1, no regeneration
a: Heal Wounds


You were on level 5 of the Dungeon.
You visited 1 branch of the dungeon, and saw 5 of its levels.

You collected 188 gold pieces.

Inventory:

Hand Weapons
 b - a +0 dagger
 c - a +1 dagger of venom
 l - a +3 dagger of protection (weapon)
Armour
 a - a +0 robe (worn)
 e - a +0 pair of boots (worn)
 o - a +0 buckler
Jewellery
 n - a ring of wizardry (left hand)
Wands
 p - a wand of paralysis (11)
 q - a wand of random effects (31)
Scrolls
 d - 2 scrolls of fear
 f - 2 scrolls of magic mapping
 g - a scroll of blinking {unknown}
 h - 3 scrolls of enchant armour
 i - a scroll of enchant weapon
 j - 2 scrolls of teleportation
 k - 2 scrolls of amnesia {unknown}
 m - a scroll of remove curse {unknown}


   Skills:
 - Level 2.1 Dodging
 - Level 2.4 Stealth
 - Level 1.7 Spellcasting
 * Level 8.4 Necromancy


You had 4 spell levels left.
You knew the following spells:

 Your Spells              Type           Power        Failure   Level
a - Pain                  Necr           ####         1%          1
x - Vampiric Draining     Necr           ####......   1%          3

Your spell library contained the following spells:

 Spells                   Type           Power        Failure   Level
 Animate Skeleton         Necr           ####..       1%          1
 Animate Dead             Necr           ####......   2%          4
 Agony                    Necr           ####....     9%          5


Dungeon Overview and Level Annotations

Branches:
Dungeon (5/15)
 Temple: D:4-7

Altars:
Hepliaklqana

Annotations:
D:5 Blork the orc


Innate Abilities, Weirdness & Mutations

You are resistant to damage.
You can heal yourself by infusing magical energy.
You passively map a small area around you.
You do not regenerate.


Message History

n - a ring of wizardry (left hand)
g - a scroll labeled SOXTIGH BUCO
There are no items here.
q - a wand of random effects (31) Unknown command.
An orc wizard and Blork the orc come into view.
The orc wizard shouts!
You hear a shout! x3; Blork the orc shouts!
Blork the orc gestures at you while chanting.
The magic dart hits you.
* * * LOW HITPOINT WARNING * * *
Found 11 gold pieces.
You see here 11 gold pieces.
Unknown command.
You aren't carrying any potions.
Unknown command.
An orc priest comes into view. It is wielding a +0 short sword.
The orc priest shouts!
The orc priest calls down the wrath of Beogh upon you.
Beogh smites you!
You die...

.##.........# * ,
.##.........######
* *,
.##..............#,
.##.........####.#
.##.........# #.# #
,* .##.........#
#.#o# , ,
.#####+######
#.#.#* , , * ## *
#.o.# , * * *#@###
, ,....o....$.....
###############


You could see Blork the orc, an orc priest and an orc wizard.

Vanquished Creatures
  An ogre (D:4)
  A howler monkey (D:4)
  3 worker ants
  3 gnolls (D:3)
  4 adders
  3 worms
  A dart slug (D:4)
  3 leopard geckos (D:2)
  9 bats
  2 giant cockroaches (D:1)
  12 goblins
  11 hobgoblins
  5 quokkas
  2 ball pythons (D:3)
  3 frilled lizards
  5 kobolds
  7 rats
75 creatures vanquished.

Vanquished Creatures (others)
  A giant cockroach (D:2)
1 creature vanquished.

Grand Total: 76 creatures vanquished

Notes
Turn   | Place    | Note
-------+----------+-------------------------------------------
     0 | D:1      | dickylongcocking the Deep Dwarf Necromancer began the quest
                  | for the Orb.
     0 | D:1      | Reached XP level 1. HP: 15/15 MP: 3/3
   201 | D:1      | Reached XP level 2. HP: 22/22 MP: 4/4
   235 | D:1      | Reached skill level 5 in Necromancy
   827 | D:2      | Reached XP level 3. HP: 12/28 MP: 5/5
   832 | D:2      | Learned a level 3 spell: Vampiric Draining
  1656 | D:2      | Reached skill level 6 in Necromancy
  1947 | D:3      | Found a faded altar of an unknown god.
  2125 | D:3      | Reached XP level 4. HP: 30/36 MP: 0/6
  3133 | D:4      | Noticed a phantom
  3148 | D:3      | Reached skill level 7 in Necromancy
  3148 | D:3      | Reached XP level 5. HP: 8/42 MP: 0/7
  3529 | D:4      | Found a hazy altar of Hepliaklqana.
  3574 | D:4      | Noticed an ogre
  3595 | D:4      | HP: 2/42 [ogre/+0 giant spiked club (4)]
  3596 | D:4      | Killed an ogre
  3596 | D:4      | Reached skill level 8 in Necromancy
  3596 | D:4      | Reached XP level 6. HP: 2/49 MP: 0/8
  3745 | D:4      | HP: 1/49 [phantom (7)]
  3826 | D:5      | Entered Level 5 of the Dungeon
  3987 | D:5      | Noticed Blork the orc
  3987 | D:5      | HP: 2/49 [Blork the orc/magic dart (4)]
  3989 | D:5      | Killed from afar by an orc priest

Illustrated notes

Levels and vault maps discovered:
D:1:      dpeg_arrival_tiny_i, layout_basic, serial_forest,
          infiniplex_forest_clump_medium, infiniplex_forest_side_room,
          infiniplex_forest_end_double, infiniplex_forest_lined_3_way,
          infiniplex_forest_pool, infiniplex_forest_corner_1,
          infiniplex_forest_lined_1, infiniplex_forest_lined_room_,
          grunt_decor_resistance
D:2:      layout_loops_ring, ebering_dispersal_statue_hall,
          kennysheep_small_spiral, kennysheep_generic_room_12
D:3:      layout_basic, chequers_ecumenical_altar_simple
D:4:      layout_cave_pools, lemuel_round_altar
D:5:      layout_basic, chequers_arboretum,
          minmay_guarded_unrand_staff_of_olgreb, uniq_blork_the_orc

Skill      XL: |  1  2  3  4  5 |
---------------+----------------+-----
Necromancy     | 5 6 7 8 |  8.4
Dodging        | |  2.1
Stealth        | |  2.4
Spellcasting   | |  1.7

Action                   |  1- 3 |  4- 6 || total
-------------------------+-------+-------++-------
Melee: Dagger            |    64 |    75 ||   139
 Cast: Pain              |    23 |    18 ||    41
       Vampiric Draining |     9 |    26 ||    35
  Use: Potion            |       |     4 ||     4
       Scroll            |       |     6 ||     6
 Stab: Sleeping          |     3 |     4 ||     7
       Invisible         |       |     1 ||     1
Armor: Robe              |    14 |    15 ||    29
       Skin              |       |     8 ||     8
Dodge: Dodged            |    52 |    79 ||   131

Table legend: (Time is in decaauts)
 A = Elapsed time spent in this place.
 B = Non-inter-level travel time spent in this place.
 C = Inter-level travel time spent in this place.
 D = Time resting spent in this place.
 E = Time spent auto-exploring this place.
 F = Levels seen in this place.
 G = Mean time per level.
                   A        B        C        D        E       F      G
               +--------+--------+--------+--------+--------+-----+--------+
         Total |   3990 |   3828 |    162 |    828 |   2247 |   5 |  798.0 |
       Dungeon |   3990 |   3828 |    162 |    828 |   2247 |   5 |  798.0 |
               +--------+--------+--------+--------+--------+-----+--------+

Top non-repeatable levels by time:
     D:3: 1434 daAuts
     D:2: 1282 daAuts
     D:1: 631 daAuts
     D:4: 479 daAuts
     D:5: 162 daAuts
